 Dungeon Crawl Stone Soup version 0.26-a0-30-g56b8cd3df0 (webtiles) character file.

Game seed: 14649588090719112160, levelgen mode: deterministic

289 Lugonue the Stinger (level 6, -2/34 HPs)
             Began as a Gargoyle Venom Mage on June 2, 2020.
             Was a Follower of Zin.
             Slain by Menkaure (20 damage)
             ... on level 4 of the Dungeon.
             The game lasted 00:07:13 (4017 turns).

Lugonue the Stinger (Gargoyle Venom Mage)           Turns: 4017, Time: 00:07:14

Health: -2/34      AC:  7    Str: 13    XL:     6   Next: 31%
Magic:  2/11       EV: 12    Int: 16    God:    Zin [*.....]
Gold:   112        SH:  0    Dex: 10    Spells: 4/11 levels left

rFire    . . .     SeeInvis .     - Unarmed
rCold    . . .     Gourm    .   (no shield)
rNeg     + . .     Faith    .   a - +1 robe
rPois    ∞         Spirit   .   (no helmet)
rElec    +         Reflect  .   (no cloak)
rCorr    .         Harm     .   (no gloves)
MR       .....                  (no boots)
Stlth    +++.......             (no amulet)
HPRegen  0.11/turn              m - ring of stealth
MPRegen  0.12/turn              (no ring)

@: no status effects
A: negative energy resistance 1, electricity resistance, unbreathing,
petrification resistance, rot immunity, AC +4
a: Recite, Donate Gold, Renounce Religion


You were on level 4 of the Dungeon.
You worshipped Zin.
Zin was aware of your devotion.
You were very hungry.

You visited 1 branch of the dungeon, and saw 4 of its levels.

You collected 124 gold pieces.
You donated 12 gold pieces to Zin.

Inventory:

Missiles
 e - 24 poisoned darts (quivered)
Armour
 a - a +1 robe (worn)
Jewellery
 m - a ring of stealth (left hand)
Scrolls
 b - a scroll of teleportation
 d - 2 scrolls of remove curse
 s - a scroll of immolation {unknown}
 u - a scroll of enchant weapon {unknown}
Potions
 f - a potion of resistance
 g - a potion of heal wounds
 i - a potion of degeneration {unknown}
 k - a potion of curing {unknown}
 l - a potion of ambrosia {unknown}
 n - a potion of flight {unknown}
 t - a potion of mutation {unknown}
Comestibles
 c - 4 rations


   Skills:
 + Level 1.5 Fighting
 - Level 1.5 Dodging
 - Level 2.1 Stealth
 + Level 2.8 Unarmed Combat
 + Level 3.3 Spellcasting
 - Level 0.7 Transmutations
 + Level 4.5 Poison Magic
 * Level 1.6 Invocations


You had 4 spell levels left.
You knew the following spells:

 Your Spells              Type           Power        Failure   Level  Hunger
a - Sting                 Tmut/Pois      ##..         6%          1    None
b - Poisonous Vapours     Pois/Air       ##....       11%         2    ##.....
c - Olgreb's Toxic Radia  Pois           ###.....     26%         4    ####...

Your spell library contained the following spells:

 Spells                   Type           Power        Failure   Level  Hunger
 Ignite Poison            Fire/Tmut/Pois #.......     26%         3    ###....
 Mephitic Cloud           Conj/Pois/Air  #.......     28%         3    ###....


Dungeon Overview and Level Annotations

Branches:
Dungeon (4/15)
 Temple: D:4-7

Altars:
Gozag
Okawaru
Ru
Zin

Annotations:
D:4 Menkaure


Innate Abilities, Weirdness & Mutations

You are resistant to torment.
Your stone body is resilient. (AC +4)
You are immune to poison.
You resist negative energy. (rN+)
You are resistant to electric shocks. (rElec)
You can survive without breathing.
You are immune to petrification.
You are immune to rotting.


Message History

Aiming: Poisonous Vapours (safe; 11% risk of failure)
Press: ? - help, Dir - move target cursor, f/p - adder
Aim: an adder (moderately wounded) Poisonous vapours surround the adder!
The adder is engulfed in poison gas.
The adder is poisoned.
The adder closely misses you. Menkaure misses you.
The adder is engulfed in poison gas.
The adder looks even sicker.
You kill the adder!
You hit Menkaure. You punch Menkaure.
Menkaure is severely damaged.
Menkaure grins.
Menkaure gestures at you while chanting.
You barely resist. You hit Menkaure but do no damage.
Menkaure is severely damaged.
Menkaure hits you!
You hit Menkaure but do no damage.
Menkaure is severely damaged.
Menkaure hits you!!
Ouch! That really hurt!
You die...

#......#....
.#.#........#
......#.....# .
......#.....##..
................
..............#
#....#........#
#.# #.<.#......
###...##@..#......
.......†M.........
..................
.....#.##.........
.... ## ..........
... .##..##.. .. #
#..... . ... ..


You could see Menkaure.

Vanquished Creatures
  A howler monkey (D:4)
  A vampire bat (D:3)
  A hound (D:4)
  3 adders
  An ooze (D:2)
  2 dart slugs
  3 fire bats (D:3)
  3 worms
  2 leopard geckos
  An orc (D:4)
  2 spectral bats (D:3)
  3 bat skeletons (D:3)
  A bat zombie (D:3)
  6 giant cockroaches
  4 goblins
  3 hobgoblins
  6 jackals (D:2)
  15 bats
  A bat simulacrum (D:3)
  3 frilled lizards
  6 kobolds
  11 rats
79 creatures vanquished.

Notes
Turn   | Place    | Note
-------+----------+-------------------------------------------
     0 | D:1      | Lugonue the Gargoyle Venom Mage began the quest for the
                  | Orb.
     0 | D:1      | Reached XP level 1. HP: 10/10 MP: 3/3
   286 | D:1      | Reached XP level 2. HP: 8/15 MP: 0/5
   948 | D:1      | Learned a level 2 spell: Poisonous Vapours
  1254 | D:1      | Reached XP level 3. HP: 19/19 MP: 3/6
  1386 | D:2      | Reached skill level 1 in Unarmed Combat
  1543 | D:2      | Learned a level 3 spell: Mephitic Cloud
  1811 | D:2      | Reached skill level 4 in Poison Magic
  1907 | D:2      | Reached XP level 4. HP: 6/24 MP: 0/7
  3015 | D:3      | Found a glowing silver altar of Zin.
  3018 | D:3      | Found an iron altar of Okawaru.
  3019 | D:3      | Found a sacrificial altar of Ru.
  3019 | D:3      | Found an opulent altar of Gozag.
  3036 | D:3      | Became a worshipper of Zin the Law-Giver
  3169 | D:3      | Reached * piety under Zin
  3305 | D:3      | Learned a level 4 spell: Olgreb's Toxic Radiance
  3500 | D:3      | Reached skill level 1 in Fighting
  3500 | D:3      | Reached XP level 5. HP: 21/29 MP: 9/9
  3644 | D:3      | Reached skill level 1 in Invocations
  3924 | D:4      | Reached XP level 6. HP: 34/34 MP: 6/10
  3996 | D:4      | Noticed Menkaure
  4017 | D:4      | Slain by Menkaure

Illustrated notes

Levels and vault maps discovered:
D:1:      psy_arrival_spokes, layout_loops_ring, minmay_worlds_worst_comb
D:2:      layout_rooms
D:3:      layout_basic, grunt_temple_overflow_open, kennysheep_cluttered_room,
          goddamned_bats
D:4:      layout_cave_pools, nicolae_tso_besieged_by_evil,
          minmay_temple_entry_glassed_door, hangedman_decor_riveting,
          uniq_menkaure, uniq_sigmund

Skill      XL: |  1  2  3  4  5 |
---------------+----------------+-----
Unarmed Combat | 1 2 |  2.8
Poison Magic   | 4 |  4.5
Fighting       | 1 |  1.5
Spellcasting   | 3 |  3.3
Invocations    | 1 |  1.6
Dodging        | |  1.5
Stealth        | |  2.1
Transmutations | |  0.7

Action                   |  1- 3 |  4- 6 || total
-------------------------+-------+-------++-------
Melee: Unarmed           |   122 |   221 ||   343
       Punch             |       |     3 ||     3
Throw: Dart              |    17 |       ||    17
 Cast: Sting             |    45 |    33 ||    78
       Poisonous Vapours |     3 |    10 ||    13
       Olgreb's Toxic Ra |       |     1 ||     1
Invok: Recite            |       |     2 ||     2
  Use: Scroll            |       |     7 ||     7
       Potion            |       |     1 ||     1
 Stab: Sleeping          |     1 |     5 ||     6
  Eat: Chunk             |     4 |     7 ||    11
Armor: Robe              |    57 |   241 ||   298
Dodge: Dodged            |    97 |   291 ||   388

Table legend:
 A = Non-vault XP
 B = Vault XP
 C = Vault XP percentage of total XP
 D = Non-vault monster count
 E = Vault monster count
 F = Vault count percentage of total count
                 A         B        C        D         E       F
            +---------+---------+-------+---------+---------+-------
      Total |     235 |     178 |  43.1 |      56 |      23 |  29.1
            +---------+---------+-------+---------+---------+-------
        D:1 |      32 |       6 |  15.8 |      21 |       3 |  12.5
        D:2 |      52 |       0 |   0.0 |      20 |       0 |   0.0
        D:3 |      35 |     172 |  83.1 |      10 |      20 |  66.7
        D:4 |     116 |       0 |   0.0 |       5 |       0 |   0.0
            +---------+---------+-------+---------+---------+-------
